 Dungeon Crawl Stone Soup version 0.30-a0-29-g142975f185 (webtiles) character file.

Game seed: 11043991751962276029

21 xian the Sneak (level 2, 0/13 HPs)
             Began as a Spriggan Enchanter on Aug 26, 2022.
             Succumbed to an adder's poison
             ... on level 3 of the Dungeon.
             The game lasted 00:02:56 (1620 turns).

xian the Sneak (Spriggan Enchanter)                 Turns: 1620, Time: 00:02:56

Health: 0/13       AC:  2    Str:  4    XL:     2   Next: 62%
Magic:  2/7        EV: 17    Int: 16    God:
Gold:   110        SH:  0    Dex: 15    Spells: 5/7 levels left

rFire   + . .      SeeInvis +    a - +1 dagger
rCold   . . .      Faith    .    (no shield)
rNeg    . . .      Spirit   .    b - +0 robe
rPois   .          Reflect  .    (helmet restricted)
rElec   .          Harm     .    (no cloak)
rCorr   .          Rampage  .    (gloves unavailable)
Will    .....                    (boots unavailable)
Stlth   +++.......               (no amulet)
HPRegen 0.04/turn                e - ring of protection from fire
MPRegen 0.10/turn                (no ring)

@: lethally poisoned (0 -> -10), very quick
A: very small, no large weapons, unfitting armour, see invisible, speed 3
a: no special abilities


You were on level 3 of the Dungeon.
You visited 1 branch of the dungeon, and saw 4 of its levels.

You collected 110 gold pieces.

Inventory:

Hand Weapons
 a - a +1 dagger (weapon)
Armour
 b - a +0 robe (worn)
Jewellery
 e - a ring of protection from fire (left hand)
Scrolls
 d - a scroll of enchant weapon {unknown}
 f - a scroll of vulnerability {unknown}
 g - a scroll of identify {unknown}
 h - a scroll of acquirement {unknown}
 k - a scroll of enchant armour {unknown}
Potions
 c - 2 potions of invisibility
 i - a potion of attraction {unknown}
 j - a potion of ambrosia {unknown}
 l - a potion of might {unknown}


   Skills:
 + Level 0.2 Fighting
 + Level 1.1 Short Blades
 + Level 3.0 Dodging
 + Level 4.7 Stealth
 + Level 3.1 Spellcasting
 + Level 4.0 Hexes


You had 5 spell levels left.
You knew the following spells:

 Your Spells              Type           Power      Damage    Failure   Level
a - Ensorcelled Hibernat  Hex/Ice        18%        N/A       12%         2

Your spell library contained the following spells:

 Spells                   Type           Power      Damage    Failure   Level
 Confusing Touch          Hex            15%        N/A       11%         3
 Tukima's Dance           Hex            15%        N/A       11%         3
 Apportation              Tloc           4%         N/A       19%         1
 Dazzling Flash           Conj/Hex       18%        N/A       24%         3
 Alistair's Intoxication  Tmut/Pois      1%         N/A       99%         5


Dungeon Overview and Level Annotations

Branches:
Dungeon (4/15)
 Temple: D:4-7

Altars:


Innate Abilities, Weirdness & Mutations

You are very small and have problems with some larger weapons.
You are too small for most types of armour.
You have supernaturally acute eyesight. (SInv)
You cover ground extremely quickly. (Speed+++)


Message History

Aim: an adder (chance to affect: 51%)
You miscast Ensorcelled Hibernation.
You are very lightly contaminated with residual magic.
Nothing appears to happen.
The adder misses you. The adder closely misses you.
Unknown command.
Casting: Ensorcelled Hibernation (safe; 12% risk of failure)
Confirm with . or Enter, or press ? or * to list all spells.
Aiming: Ensorcelled Hibernation (safe; 12% risk of failure)
Press: ? - help, Shift-Dir - straight line, f/p - adder
Aim: an adder (chance to affect: 51%)
The adder resists with some effort.
The adder misses you.
Casting: Ensorcelled Hibernation (safe; 12% risk of failure)
Confirm with . or Enter, or press ? or * to list all spells.
You don't have enough magic to cast this spell.
You miss the adder. The adder completely misses you.
You hit the adder but do no damage. The adder misses you.
You closely miss the adder. The adder bites you but does no damage.
The adder completely misses you.
You miss the adder. The adder bites you.
You hit the adder.
The adder is lightly wounded.
The adder misses you.
Your magical contamination has completely faded away.
You hit the adder.
The adder is heavily wounded.
The adder barely misses you.
You barely miss the adder.
The adder is heavily wounded.
The adder bites you.
You are poisoned.
The adder poisons you! The adder closely misses you.
You hit the adder.
The adder is severely wounded.
You feel sick. The adder bites you.
* * * LOW HITPOINT WARNING * * *
You are more poisoned.
The adder poisons you!
You miss the adder.
The adder is severely wounded.
You die...

...............# ######## ...#
#.............# #......#....#
#........†....# #......#....#
#.............#
##......##..#####.............#
.............)................#
..............................#
.................>............#
.........).....S@..############
...................##########
.....................)......#
............................#
..........##................#
.....#######................#
.....# #######..........#
.....# #..........# .....#
#..........#


You could see an adder.

Vanquished Creatures
  A dart slug (D:1)
  2 endoplasms (D:1)
  3 goblins
  3 hobgoblins
  2 kobolds (D:1)
  2 ball pythons
  3 bats
  2 rats (D:1)
18 creatures vanquished.

Notes
Turn   | Place    | Note
-------+----------+-------------------------------------------
     0 | D:1      | xian the Spriggan Enchanter began the quest for the Orb.
     0 | D:1      | Reached XP level 1. HP: 9/9 MP: 5/5
   712 | D:1      | Reached XP level 2. HP: 13/13 MP: 7/7
  1326 | D:2      | You fall into a shaft and drop 2 floors!
  1397 | D:3      | Learned a level 2 spell: Ensorcelled Hibernation
  1620 | D:3      | Succumbed to an adder's poison

Illustrated notes

Levels and vault maps discovered:
D:1:      saegor_arrival_simple_a, layout_loops_ring
D:2:      layout_loops_ring, shapermc_ecumenical_altar_notcrosses,
          minmay_pentomino_q2
D:3:      layout_basic, mainiacjoe_overflow_big_doors, nrook_mini_vaults,
          uniq_grinder
D:4:      layout_basic, minmay_temple_entry_antechambers, kennysheep_dice

Skill      XL: |  1  2 |
---------------+-------+-----
Spellcasting   | 3 |  3.1
Dodging        | 3 |  3.0
Hexes          | 4 |  4.0
Fighting       | |  0.2
Short Blades   | |  1.1
Stealth        | |  4.7

Action                   || total
-------------------------++-------
Melee: Dagger            ||    81
 Cast: Ensorcelled Hiber ||     2
 Stab: Sleeping          ||     5
Armor: Robe              ||     8
Dodge: Dodged            ||    56

Table legend: (Time is in decaauts)
 A = Elapsed time spent in this place.
 B = Non-inter-level travel time spent in this place.
 C = Inter-level travel time spent in this place.
 D = Time resting spent in this place.
 E = Time spent auto-exploring this place.
 F = Levels seen in this place.
 G = Mean time per level.
                   A        B        C        D        E       F      G
               +--------+--------+--------+--------+--------+-----+--------+
         Total |   1329 |   1329 |      0 |      0 |   1059 |   4 |  332.2 |
       Dungeon |   1329 |   1329 |      0 |      0 |   1059 |   4 |  332.2 |
               +--------+--------+--------+--------+--------+-----+--------+

Top non-repeatable levels by time:
     D:1: 1105 daAuts
     D:3: 206 daAuts
     D:4: 16 daAuts
     D:2: 0 daAuts
